 Dungeon Crawl Stone Soup version 0.30-a0-210-g01b79a254e (webtiles) character file.

Game seed: 5972426716666182201

45 NinjaNoafa the Grasshopper (level 3, -1/31 HPs)
             Began as an Armataur Warper on Oct 4, 2022.
             Slain by Terence
             ... wielding a +0 trident
              (3 damage)
             ... on level 2 of the Dungeon.
             The game lasted 00:02:27 (1362 turns).

NinjaNoafa the Grasshopper (Armataur Warper)        Turns: 1362, Time: 00:02:27

Health: -1/31      AC:  4    Str: 14 (20) XL:     3   Next: 42%
Magic:  6/6        EV:  9    Int:  6 (12) God:
Gold:   69         SH:  0    Dex:  4 (10) Spells: 6/6 levels left

rFire   x . .      SeeInvis .    a - +0 mace
rCold   + . .      Faith    .    (no shield)
rNeg    . . .      Spirit   .    b - +0 leather armour
rPois   .          Reflect  .    f - +0 hat
rElec   .          Harm     .    (no cloak)
rCorr   .          Roll     +    (no gloves)
Will    .....                    (no barding)
Stlth   +.........               (no amulet)
HPRegen 0.25/turn                l - ring of ice
MPRegen 0.10/turn                (no ring)

@: no status effects
A: large, rugged brown scales 3, deformed body, armoured tail, roll, long
tongue, awkward tongue, stinger 1, strong 1, MP-powered wands
a: no special abilities


You were on level 2 of the Dungeon.
You visited 1 branch of the dungeon, and saw 4 of its levels.

You collected 69 gold pieces.

Inventory:

Hand Weapons
 a - a +0 mace (weapon)
Missiles
 d - 7 boomerangs of dispersal (quivered)
 i - 24 stones
Armour
 b - a +0 leather armour (worn)
 f - a +0 hat (worn)
Jewellery
 l - a ring of ice (left hand)
Scrolls
 c - 2 scrolls of blinking
 g - a scroll of torment
 h - a scroll of identify {unknown}
 k - 2 scrolls of acquirement {unknown}
 m - a scroll of teleportation {unknown}
Potions
 j - 2 potions of degeneration


   Skills:
 - Level 1.7 Fighting
 - Level 1.7 Maces & Flails
 - Level 0.8 Throwing
 - Level 1.2 Armour
 - Level 1.3 Dodging
 - Level 2.0 Spellcasting
 + Level 4.4 Translocations


You had 6 spell levels left.
You didn't know any spells.
Your spell library contained the following spells:

 Spells                   Type           Power      Damage    Failure   Level
 Blink                    Tloc           10%        N/A       12%         2
 Lesser Beckoning         Tloc           10%        N/A       24%         3
 Teleport Other           Tloc           5%         N/A       24%         3
 Vhi's Electric Charge    Tloc/Air       6%         N/A       52%         3
 Manifold Assault         Tloc           5%         N/A       63%         4


Dungeon Overview and Level Annotations

Branches:
Dungeon (4/15)
 Temple: D:4-7

Altars:

Annotations:
D:2 Terence


Innate Abilities, Weirdness & Mutations

You are completely covered in rugged brown scales. (AC +3, +7% HP)
Armour fits poorly on your strangely shaped body.
You have a long armoured tail.
You roll when moving toward enemies. (Rampage)
Your long tongue fully drains potion bottles. (2x potion effects)
Your tongue gives you trouble enunciating. (1.5x scroll delay)
Your tail ends in a venomous barb.
Your muscles are strong. (Str +4, Int/Dex -1)
You expend magic power (3 MP) to strengthen your wands.


Message History

Terence the Incautious comes into view.
He is wielding a +0 trident and carrying a wand of polymorph (8).
Terence shouts!
Terence is nearby!
As you read the scroll labelled ZUGIM KOFADUTS, it crumbles to dust.
It is a scroll of amnesia.
You feel forgetful for a moment.
Terence zaps a wand.
You resist with significant effort. Terence barely misses you.
As you read the scroll labelled MILENG TUXZOQALL, it crumbles to dust.
Your body is wracked with pain!
Terence convulses!
It was a scroll of torment.
Terence looks scornfully at you.
Terence hits you from afar with a +0 trident.
You feel better.
Terence zaps a wand.
You resist with significant effort.
You roll towards Terence!
You closely miss Terence.
Terence is heavily wounded.
Terence hits you with a +0 trident! Terence completely misses you.
You hit Terence but do no damage.
Your tail-slap misses Terence.
Terence is heavily wounded.
Terence hits you with a +0 trident.
You sock Terence!
You tail-slap Terence, but do no damage.
Terence is almost dead.
Terence screams, "I'm going to kill you!"
Terence hits you with a +0 trident!
* * * LOW HITPOINT WARNING * * *
You closely miss Terence.
Terence is almost dead.
Terence zaps a wand.
You resist with significant effort.
You closely miss Terence.
Terence is almost dead.
Terence hits you with a +0 trident.
* * * LOW HITPOINT WARNING * * *
Terence hits you with a +0 trident.
* * * LOW HITPOINT WARNING * * *
You closely miss Terence.
Terence is severely wounded.
Terence zaps a wand.
You resist with significant effort.
Okay, then.
Okay, then.
Terence hits you from afar with a +0 trident.
You die...

#..### #.....#
#..##.###
#........
#>.##...
#.####...##.#
.......#.##@#
#.####...##.# #
##...###@##...#
#...........#
##...###.##...#
##.## #.# #.#
## #.. .. ####


You could see Terence.

Vanquished Creatures
  An adder (D:4)
  2 ball pythons (D:1)
  2 endoplasms (D:1)
  A giant cockroach (D:1)
  3 goblins (D:1)
  A hobgoblin (D:1)
  4 jackals (D:1)
  3 quokkas
  4 bats (D:1)
  3 frilled lizards (D:1)
  7 kobolds
  4 rats (D:1)
35 creatures vanquished.

Notes
Turn   | Place    | Note
-------+----------+-------------------------------------------
     0 | D:1      | NinjaNoafa the Armataur Warper began the quest for the Orb.
     0 | D:1      | Reached XP level 1. HP: 18/18 MP: 3/3
   228 | D:1      | Reached XP level 2. HP: 22/25 MP: 5/5
   612 | D:1      | Reached skill level 4 in Translocations
   832 | D:1      | Found a faded altar of an unknown god.
   846 | D:1      | Gained mutation: You expend magic power (3 MP) to
                  | strengthen your wands. [potion of mutation]
   846 | D:1      | Gained mutation: Your muscles are strong. (Str +4, Int/Dex
                  | -1) [potion of mutation]
   846 | D:1      | Gained mutation: Your tail ends in a venomous barb. [potion
                  | of mutation]
   848 | D:1      | HP: 1/25 [kobold/+0 short sword (1)]
   868 | D:1      | Reached XP level 3. HP: 25/31 MP: 6/6
  1071 | D:2      | Identified the +5 ring mail "Qaguoh" {Harm rF+ Str-5 Dex+6}
  1074 | D:2      | You fall into a shaft and drop 2 floors!
  1351 | D:2      | Noticed Terence
  1362 | D:2      | Slain by Terence

Illustrated notes

Levels and vault maps discovered:
D:1:      roderic_octagonal_star, layout_loops_ring,
          hellmonk_ecumenical_altar_arch_garden, minmay_door_square
D:2:      layout_loops_ring, uniq_terence
D:3:      minmay_spotlight, layout_loops_cross, grunt_decor_clamped
D:4:      layout_basic, hangedman_abyss_or_decor_lesser_grid

Skill      XL: |  1  2 |
---------------+-------+-----
Spellcasting   | 2 |  2.0
Translocations | 4 |  4.4
Fighting       | |  1.7
Maces & Flails | |  1.7
Throwing       | |  0.8
Armour         | |  1.2
Dodging        | |  1.3

Action                   || total
-------------------------++-------
Melee: Mace              ||   115
       Tailslap          ||    10
  Use: Potion            ||     5
       Scroll            ||     2
Armor: Leather armour    ||   104
Dodge: Dodged            ||   141

Table legend: (Time is in decaauts)
 A = Elapsed time spent in this place.
 B = Non-inter-level travel time spent in this place.
 C = Inter-level travel time spent in this place.
 D = Time resting spent in this place.
 E = Time spent auto-exploring this place.
 F = Levels seen in this place.
 G = Mean time per level.
                   A        B        C        D        E       F      G
               +--------+--------+--------+--------+--------+-----+--------+
         Total |   1397 |   1314 |     83 |      0 |    969 |   4 |  349.2 |
       Dungeon |   1397 |   1314 |     83 |      0 |    969 |   4 |  349.2 |
               +--------+--------+--------+--------+--------+-----+--------+

Top non-repeatable levels by time:
     D:1: 1023 daAuts
     D:4: 221 daAuts
     D:2: 103 daAuts
     D:3: 49 daAuts
